NYP
MINNESOTA (NYP) TWINS @ CHICAGO (NYP) WHITE SOX
05/06/2045
 
TOP OF THE 1ST
Minnesota (NYP) Twins batting - Pitching for Chicago (NYP) White Sox : RHP Joe Schuler
Pitching: RHP Joe Schuler
Batting: LHB Chris Munguia 0-0: Foul Ball, location: 2F
0-1: Ball
1-1: Swinging Strike
1-2: Ball
2-2: Strikes out swinging
Batting: RHB Michael McDonald 0-0: Ball
1-0: Ball
2-0: Ball
3-0: Called Strike
3-1: Fly out, F5 (Flyball, 5D, EV 86.2 MPH)
Batting: RHB Sean Gould 0-0: Called Strike
0-1: Ball
1-1: Foul Ball, location: 2F
1-2: Fly out, F5 (Flyball, 5D, EV 89.4 MPH)
Top of the 1st over - 0 runs, 0 hits, 0 errors, 0 left on base; Minnesota (NYP) 0 - Chicago (NYP) 0
BOTTOM OF THE 1ST
Chicago (NYP) White Sox batting - Pitching for Minnesota (NYP) Twins : RHP Dean Huch
Pitching: RHP Dean Huch
Batting: LHB Adam Tarbutton 0-0: Ball
1-0: Called Strike
1-1: Ball
2-1: Swinging Strike
2-2: Ball
3-2: Base on Balls
Batting: RHB Mark Jones 0-0: Ball
Adam Tarbutton steals 2nd base (no throw)
1-0: Ball
2-0: Ball
3-0: Base on Balls
Batting: LHB Ryan Dyal 0-0: Foul Ball, location: 2F
0-1: Ball
Adam Tarbutton steals 3rd base (no throw)
1-1: Called Strike
1-2: Foul Ball, location: 2F
1-2: Ball
2-2: Fly out, F8 (Flyball, 8LD, EV 90.0 MPH)
Runner from 3rd tags up, SCORES, throw by CF
Batting: LHB Larry Myers 0-0: Grounds into double play, 4-6-3 (Groundball, 4, EV 85.6 MPH)
Bottom of the 1st over - 1 run, 0 hits, 0 errors, 0 left on base; Minnesota (NYP) 0 - Chicago (NYP) 1
TOP OF THE 2ND
Minnesota (NYP) Twins batting - Pitching for Chicago (NYP) White Sox : RHP Joe Schuler
Batting: RHB Jose Nunez 0-0: Ball
1-0: Foul Ball, location: 2F
1-1: Called Strike
1-2: Strikes out swinging
Batting: RHB Tony Crespo 0-0: Ball
1-0: Foul Ball, location: 2F
1-1: Ball
2-1: Swinging Strike
2-2: Foul Ball, location: 2F
2-2: Ground out 5-3 (Groundball, 5, EV 84.4 MPH)
Batting: RHB Kelly Watson 0-0: Ground out 4-3 (Groundball, 4S, EV 73.8 MPH)
Top of the 2nd over - 0 runs, 0 hits, 0 errors, 0 left on base; Minnesota (NYP) 0 - Chicago (NYP) 1
BOTTOM OF THE 2ND
Chicago (NYP) White Sox batting - Pitching for Minnesota (NYP) Twins : RHP Dean Huch
Batting: LHB Matt Hyde 0-0: Swinging Strike
0-1: Ball
1-1: Called Strike
1-2: Strikes out swinging
Batting: RHB Yorkis Saiki 0-0: Ball
1-0: Ball
2-0: Foul Ball, location: 2F
2-1: Swinging Strike
2-2: Ground out 5-3 (Groundball, 5L, EV 88.1 MPH)
Batting: LHB Carlos Ramirez 0-0: Ball
1-0: Ball
2-0: Ball
3-0: Called Strike
3-1: Foul Ball, location: 2F
3-2: Foul Ball, location: 2F
3-2: Foul Ball, location: 2F
3-2: Base on Balls
Batting: RHB Vic Lucatero 0-0: Called Strike
0-1: Ball
1-1: SINGLE (Line Drive, 4D, EV 99.4 MPH)
Carlos Ramirez to second
Runner from 2nd tries for 3rd, OUT! 8-5
Bottom of the 2nd over - 0 runs, 1 hit, 0 errors, 1 left on base; Minnesota (NYP) 0 - Chicago (NYP) 1
TOP OF THE 3RD
Minnesota (NYP) Twins batting - Pitching for Chicago (NYP) White Sox : RHP Joe Schuler
Batting: SHB Donell Burney 0-0: Swinging Strike
0-1: Foul Ball, location: 2F
0-2: Ball
1-2: Foul Ball, location: 2F
1-2: Foul Ball, location: 2F
1-2: Strikes out swinging
Batting: RHB Alex Loaiza 0-0: Ball
1-0: Ball
2-0: Called Strike
2-1: Called Strike
2-2: Strikes out looking
Batting: RHB Ruben Torres 0-0: Swinging Strike
0-1: Ball
1-1: Foul Ball, location: 2F
1-2: Ball
2-2: Strikes out swinging
Top of the 3rd over - 0 runs, 0 hits, 0 errors, 0 left on base; Minnesota (NYP) 0 - Chicago (NYP) 1
BOTTOM OF THE 3RD
Chicago (NYP) White Sox batting - Pitching for Minnesota (NYP) Twins : RHP Dean Huch
Batting: RHB Victor Orozco 0-0: Ball
1-0: Ground out 4-3 (Groundball, 4, EV 81.9 MPH)
Batting: LHB Adam Tarbutton 0-0: Called Strike
0-1: Ball
1-1: Ball
2-1: Ball
3-1: Fly out, F9 (Flyball, 89D, EV 97.5 MPH)
Batting: RHB Mark Jones 0-0: Called Strike
0-1: Ball
1-1: DOUBLE (Line Drive, 78D, EV 103.1 MPH)
Batting: LHB Ryan Dyal 0-0: Called Strike
0-1: SINGLE (Flyball, 8LS, EV 85.6 MPH)
Mark Jones to third
Runner from 3rd tries for Home, SAFE, throw by CF to home
Batting: LHB Larry Myers 0-0: Ground out 4-3 (Groundball, 4, EV 87.5 MPH)
Bottom of the 3rd over - 1 run, 2 hits, 0 errors, 1 left on base; Minnesota (NYP) 0 - Chicago (NYP) 2
TOP OF THE 4TH
Minnesota (NYP) Twins batting - Pitching for Chicago (NYP) White Sox : RHP Joe Schuler
Batting: LHB Chris Munguia 0-0: Called Strike
0-1: Foul Ball, location: 2F
0-2: Foul Ball, location: 2F
0-2: Ground out 3-1 (Groundball, 34, EV 78.8 MPH)
Batting: RHB Michael McDonald 0-0: Foul Ball, location: 2F
0-1: Foul Ball, location: 2F
0-2: Ball
1-2: Foul Ball, location: 2F
1-2: Ground out 5-3 (Groundball, 5L, EV 95.0 MPH)
Batting: RHB Sean Gould 0-0: Foul Ball, location: 2F
0-1: Foul Ball, location: 2F
0-2: Fly out, F5 (Flyball, 5D, EV 95.6 MPH)
Top of the 4th over - 0 runs, 0 hits, 0 errors, 0 left on base; Minnesota (NYP) 0 - Chicago (NYP) 2
BOTTOM OF THE 4TH
Chicago (NYP) White Sox batting - Pitching for Minnesota (NYP) Twins : RHP Dean Huch
Batting: LHB Matt Hyde 0-0: Ball
1-0: Ball
2-0: Called Strike
2-1: Ball
3-1: Base on Balls
Batting: RHB Yorkis Saiki 0-0: Ball
1-0: Swinging Strike
1-1: Swinging Strike
1-2: Strikes out looking
Batting: LHB Carlos Ramirez 0-0: Called Strike
0-1: Ball
1-1: Ball
Matt Hyde steals 2nd base
2-1: Swinging Strike
2-2: Strikes out swinging
Batting: RHB Vic Lucatero 0-0: Ball
1-0: Swinging Strike
1-1: Ground out 4-3 (Groundball, 34, EV 80.0 MPH)
Bottom of the 4th over - 0 runs, 0 hits, 0 errors, 1 left on base; Minnesota (NYP) 0 - Chicago (NYP) 2
TOP OF THE 5TH
Minnesota (NYP) Twins batting - Pitching for Chicago (NYP) White Sox : RHP Joe Schuler
Batting: RHB Jose Nunez 0-0: Called Strike
0-1: Ball
1-1: Swinging Strike
1-2: Ground out U3 (Groundball, 34, EV 87.5 MPH)
Batting: RHB Tony Crespo 0-0: TRIPLE (Flyball, 89XD, EV 91.9 MPH)
Batting: RHB Kelly Watson 0-0: Called Strike
0-1: Ball
Wild Pitch!
Tony Crespo scores
1-1: Swinging Strike
1-2: Strikes out swinging
Batting: SHB Donell Burney 0-0: Called Strike
0-1: Foul Ball, location: 2F
0-2: Ball
1-2: Ball
2-2: Foul Ball, location: 2F
2-2: Ball
3-2: Foul Ball, location: 2F
3-2: Foul Ball, location: 2F
3-2: Ground out 4-3 (Groundball, 4, EV 82.5 MPH)
Top of the 5th over - 1 run, 1 hit, 0 errors, 0 left on base; Minnesota (NYP) 1 - Chicago (NYP) 2
BOTTOM OF THE 5TH
Chicago (NYP) White Sox batting - Pitching for Minnesota (NYP) Twins : RHP Dean Huch
Batting: RHB Victor Orozco 0-0: Ball
1-0: Foul Ball, location: 2F
1-1: Ball
2-1: Foul Ball, location: 2F
2-2: Ball
3-2: Base on Balls
Pitching: LHP Shi-fu Zhou
Batting: LHB Adam Tarbutton 0-0: Ball
1-0: Foul Ball, location: 2F
1-1: Foul Ball, location: 2F
1-2: Strikes out swinging
Batting: RHB Mark Jones 0-0: Ball
1-0: Swinging Strike
1-1: Ball
2-1: Ball
3-1: Base on Balls
Victor Orozco to second
Batting: LHB Ryan Dyal 0-0: Foul Ball, location: 2F
0-1: Called Strike
0-2: Ball
1-2: Strikes out swinging
Batting: LHB Larry Myers 0-0: Called Strike
0-1: Ball
1-1: Ball
2-1: Swinging Strike
2-2: Strikes out swinging
Bottom of the 5th over - 0 runs, 0 hits, 0 errors, 2 left on base; Minnesota (NYP) 1 - Chicago (NYP) 2
TOP OF THE 6TH
Minnesota (NYP) Twins batting - Pitching for Chicago (NYP) White Sox : RHP Joe Schuler
Batting: RHB Alex Loaiza 0-0: Foul Ball, location: 2F
0-1: Ball
1-1: Foul Ball, location: 2F
1-2: Strikes out swinging
Batting: RHB Ruben Torres 0-0: Ball
1-0: Ball
2-0: Called Strike
2-1: Foul Ball, location: 2F
2-2: Ball
3-2: Base on Balls
Batting: LHB Chris Munguia 0-0: Fielders Choice at 2nd, 5-4 (Groundball, 56, EV 87.5 MPH)
Batting: RHB Michael McDonald 0-0: Called Strike
Chris Munguia steals 2nd base
0-1: Ball
1-1: Called Strike
1-2: Strikes out swinging
Top of the 6th over - 0 runs, 0 hits, 0 errors, 1 left on base; Minnesota (NYP) 1 - Chicago (NYP) 2
BOTTOM OF THE 6TH
Chicago (NYP) White Sox batting - Pitching for Minnesota (NYP) Twins : LHP Shi-fu Zhou
Batting: LHB Matt Hyde 0-0: Ball
1-0: Called Strike
1-1: Ball
2-1: Ball
3-1: SINGLE (Groundball, 4M, EV 105.0 MPH) (infield hit)
Batting: RHB Yorkis Saiki 0-0: Called Strike
0-1: Ball
1-1: Ball
2-1: Ball
3-1: Called Strike
3-2: Base on Balls
Matt Hyde to second
DELAY Rain delay of 69 minutes in the 6th inning.
Batting: LHB Carlos Ramirez 0-0: Ball
1-0: Ball
2-0: Ball
Wild Pitch!
Matt Hyde to third
Yorkis Saiki to second
3-0: Base on Balls
Batting: RHB Vic Lucatero 0-0: DOUBLE (Flyball, 5D, EV 86.2 MPH)
Matt Hyde scores
Yorkis Saiki scores
Carlos Ramirez to third
Batting: RHB Victor Orozco 0-0: Ball
1-0: Ball
2-0: Ball
3-0: Called Strike
3-1: Base on Balls
Pitching: RHP Stewart Wilson
Batting: LHB Adam Tarbutton 0-0: Called Strike
0-1: Ball
1-1: Ball
2-1: Ball
3-1: Foul Ball, location: 2F
3-2: Grounds into fielders choice 6-2 (Groundball, 6, EV 85.0 MPH)
Vic Lucatero to third
Victor Orozco to second
Batting: RHB Mark Jones 0-0: Called Strike
0-1: Foul Ball, location: 2F
0-2: Foul Ball, location: 2F
0-2: Foul Ball, location: 2F
0-2: Ball
1-2: Strikes out looking
Batting: LHB Ryan Dyal 0-0: Ball
1-0: Foul Ball, location: 2F
1-1: Ball
2-1: Called Strike
2-2: Foul Ball, location: 2F
2-2: Fly out, F6 (Popup, 4M, EV 50.0 MPH)
Bottom of the 6th over - 2 runs, 2 hits, 0 errors, 3 left on base; Minnesota (NYP) 1 - Chicago (NYP) 4
TOP OF THE 7TH
Minnesota (NYP) Twins batting - Pitching for Chicago (NYP) White Sox : RHP Joe Schuler
Pitching: LHP Miguel Moreno
Batting: RHB Sean Gould 0-0: Swinging Strike
0-1: Ball
1-1: Foul Ball, location: 2F
1-2: Foul Ball, location: 2F
1-2: Hit by Pitch
Batting: RHB Jose Nunez 0-0: Fly out, F3 (Popup, 23F, EV 84.4 MPH)
Batting: RHB Tony Crespo 0-0: Called Strike
0-1: Ball
1-1: Called Strike
1-2: Strikes out looking
Batting: RHB Kelly Watson 0-0: Ball
1-0: Called Strike
1-1: Ball
Sean Gould steals 2nd, throwing error, E2
Sean Gould to third
2-1: Ball
3-1: Foul Ball, location: 2F
3-2: Foul Ball, location: 2F
3-2: Base on Balls
Batting: SHB Donell Burney 0-0: Foul Ball, location: 2F
0-1: Foul Ball, location: 2F
0-2: Ball
1-2: Foul Ball, location: 2F
1-2: Strikes out swinging
Top of the 7th over - 0 runs, 0 hits, 1 error, 2 left on base; Minnesota (NYP) 1 - Chicago (NYP) 4
BOTTOM OF THE 7TH
Chicago (NYP) White Sox batting - Pitching for Minnesota (NYP) Twins : RHP Stewart Wilson
Batting: LHB Larry Myers 0-0: Ground out 6-3 (Groundball, 6MS, EV 71.9 MPH)
Batting: LHB Matt Hyde 0-0: Ball
1-0: Ball
2-0: Called Strike
2-1: Ground out 6-3 (Groundball, 6M, EV 85.6 MPH)
Batting: RHB Yorkis Saiki 0-0: Ball
1-0: Swinging Strike
1-1: Called Strike
1-2: Ground out 6-3 (Groundball, P, EV 86.2 MPH)
Bottom of the 7th over - 0 runs, 0 hits, 0 errors, 0 left on base; Minnesota (NYP) 1 - Chicago (NYP) 4
TOP OF THE 8TH
Minnesota (NYP) Twins batting - Pitching for Chicago (NYP) White Sox : LHP Miguel Moreno
Pitching: LHP Ray Sowers
Batting: RHB Alex Loaiza 0-0: Ball
1-0: Called Strike
1-1: Ball
2-1: Fly out, F9 (Flyball, 89XD, EV 91.2 MPH)
Batting: RHB Ruben Torres 0-0: Ground out 6-3 (Groundball, 6, EV 86.9 MPH)
Batting: LHB Chris Munguia 0-0: Foul Ball, location: 2F
0-1: Foul Ball, location: 2F
0-2: Ball
1-2: Ball
2-2: Strikes out swinging
Top of the 8th over - 0 runs, 0 hits, 0 errors, 0 left on base; Minnesota (NYP) 1 - Chicago (NYP) 4
BOTTOM OF THE 8TH
Chicago (NYP) White Sox batting - Pitching for Minnesota (NYP) Twins : RHP Stewart Wilson
Pitching: RHP Carlos Palacios
Batting: LHB Carlos Ramirez 0-0: Called Strike
0-1: Called Strike
0-2: Strikes out swinging
Batting: RHB Vic Lucatero 0-0: Foul Ball, location: 2F
0-1: Called Strike
0-2: Ball
1-2: Ball
2-2: Ball
3-2: Strikes out looking
Batting: RHB Victor Orozco 0-0: Ball
1-0: Called Strike
1-1: Ball
2-1: Ground out 6-3 (Groundball, 6M, EV 83.8 MPH)
Bottom of the 8th over - 0 runs, 0 hits, 0 errors, 0 left on base; Minnesota (NYP) 1 - Chicago (NYP) 4
TOP OF THE 9TH
Minnesota (NYP) Twins batting - Pitching for Chicago (NYP) White Sox : LHP Ray Sowers
Batting: RHB Michael McDonald 0-0: Ball
1-0: Foul Ball, location: 2F
1-1: Ball
2-1: Reached on error, E6 (Groundball, 6, EV 80.6 MPH)
Batting: RHB Sean Gould 0-0: Foul Ball, location: 2F
0-1: Called Strike
0-2: DOUBLE (Line Drive, 9LS, EV 106.9 MPH)
Michael McDonald to third
Batting: RHB Jose Nunez 0-0: Ball
1-0: Ball
2-0: Ball
3-0: Called Strike
3-1: Base on Balls
Batting: RHB Tony Crespo 0-0: Called Strike
0-1: Ball
1-1: Ball
2-1: Ball
3-1: Base on Balls
Michael McDonald scores
Sean Gould to third
Jose Nunez to second
Batting: RHB Kelly Watson 0-0: Swinging Strike
0-1: Ball
1-1: Called Strike
1-2: Fielders Choice at 2nd, 4-6 (Groundball, 4, EV 82.5 MPH)
Sean Gould scores
Jose Nunez to third
Pinch Hitting: RHB Chris Starcher 0-0: Ball
1-0: Ball
2-0: Called Strike
2-1: Ball
3-1: Called Strike
3-2: SINGLE (Groundball, 6MD, EV 101.9 MPH)
Jose Nunez scores
Kelly Watson to second
Runner from 2nd tries for 3rd, SAFE, throw by CF made to third
Pitching: RHP Riley Pooley
Pinch Hitting: RHB Graham Calvert 0-0: Called Strike
0-1: Foul Ball, location: 2F
0-2: Foul Ball, location: 2F
0-2: Ball
1-2: Ball
2-2: Strikes out swinging
Pinch Hitting: SHB Ian Thompson 0-0: Called Strike
0-1: Ball
1-1: Swinging Strike
1-2: Ball
2-2: Strikes out looking
Top of the 9th over - 3 runs, 2 hits, 1 error, 2 left on base; Minnesota (NYP) 4 - Chicago (NYP) 4
BOTTOM OF THE 9TH
Chicago (NYP) White Sox batting - Pitching for Minnesota (NYP) Twins : RHP Carlos Palacios
Pitching: RHP Matt Lundy
Now at C: Mario Salazar
Now at SS: Seung-jun Chang
Now in LF: Gustavo Pacheco
Batting: LHB Adam Tarbutton 0-0: Ball
1-0: Called Strike
1-1: Called Strike
1-2: Fly out, F8 (Flyball, 89XD, EV 111.2 MPH)
Pinch Hitting: LHB Josh Pittman 0-0: Ball
1-0: Ball
2-0: Swinging Strike
2-1: SINGLE (Groundball, 6D, EV 95.0 MPH)
Batting: LHB Ryan Dyal 0-0: Ball
1-0: Foul Ball, location: 2F
1-1: Ball
2-1: Ball
3-1: Swinging Strike
3-2: Strikes out looking
Batting: LHB Larry Myers 0-0: Foul Ball, location: 2F
0-1: 2-RUN HOME RUN (Flyball, 9D, EV 98.8 MPH), Distance : 384 ft
Bottom of the 9th over - 2 runs, 2 hits, 0 errors, 0 left on base; Minnesota (NYP) 4 - Chicago (NYP) 6
Game Over ... Chicago (NYP) defeats Minnesota (NYP), 6 to 4
Wednesday, June 22nd , 2022 - OOTP Baseball 23.4 Build 64